 Dungeon Crawl Stone Soup version 0.26-a0-30-g56b8cd3df0 (webtiles) character file.

Game seed: 9916852956212942750, levelgen mode: deterministic

2 gruber the Skirmisher (level 1, 0/18 HPs)
             Began as a Formicid Abyssal Knight on June 1, 2020.
             Was an Initiate of Lugonu.
             Slain by a gnoll
             ... wielding a +0 spear
              (8 damage)
             ... on level 1 of the Dungeon.
             The game lasted 00:00:23 (192 turns).

gruber the Skirmisher (Formicid Abyssal Knight)      Turns: 192, Time: 00:00:23

Health: 0/18       AC:  3    Str: 16    XL:     1   Next: 44%
Magic:  2/2        EV: 11    Int: 11    God:    Lugonu [......]
Gold:   5          SH:  0    Dex: 10    Spells: 0/0 levels left

rFire    . . .     SeeInvis +   a - +1 falchion
rCold    . . .     Gourm    .   (no shield)
rNeg     . . .     Faith    .   b - +0 leather armour
rPois    .         Spirit   .   (helmet unavailable)
rElec    .         Reflect  .   (no cloak)
rCorr    .         Harm     .   (no gloves)
MR       .....                  (no boots)
Stlth    +.........             (no amulet)
HPRegen  0.06/turn              (no ring)
MPRegen  0.08/turn              (no ring)

@: no status effects
A: permanent stasis, dig shafts and tunnels, four strong arms, antennae 3
a: Dig, Shaft Self, Renounce Religion


You were on level 1 of the Dungeon.
You worshipped Lugonu.
Lugonu was noncommittal.
You were not hungry.

You visited 1 branch of the dungeon, and saw 1 of its levels.
You visited the Abyss 1 time.

You collected 5 gold pieces.

Inventory:

Hand Weapons
 a - a +1 falchion (weapon)
Armour
 b - a +0 leather armour (worn)
Scrolls
 d - a scroll of remove curse {unknown}
Comestibles
 c - a ration


   Skills:
 * Level 3.5 Fighting
 - Level 2.0 Long Blades
 - Level 2.1 Armour
 - Level 0.8 Dodging
 - Level 2.1 Invocations


You couldn't memorise any spells.
You didn't know any spells.
Your spell library was empty.

Dungeon Overview and Level Annotations

Branches:
Dungeon (1/15)

Altars:


Innate Abilities, Weirdness & Mutations

You cannot be hasted, slowed, berserked, paralysed or teleported.
You can dig through walls and to a lower floor.
Your four strong arms can wield two-handed weapons with a shield.
You have a pair of large antennae on your head. (SInv)


Message History

The dart slug is severely wounded.
The gnoll closely misses you. The dart slug launches a dart at you.
The slug dart misses you. The gnoll hits you but does no damage.
You hit the dart slug.
The dart slug is severely wounded.
The dart slug closely misses you.
The gnoll hits you from afar with a +0 spear.
You hit the dart slug.
The dart slug is almost dead.
The gnoll barely misses you. The dart slug bites you.
You hit the dart slug.
You kill the dart slug!
Lugonu accepts your kill.
The gnoll hits you from afar with a +0 spear.
The gnoll hits you with a +0 spear.
You slash the gnoll!
The gnoll is heavily wounded.
The gnoll hits you with a +0 spear!
You die...

##>......###.......#
#.........##.......#
#.........##.......#
#.........##.......#
#.........##.......######
#........................
##.......#########...####
#.........# #....##
#.....†.@.# ####..##
#.......g.# #.>..
#.........# ##.#.
#^.....?... #.##
##.......##. #.#
##....... .. #.# ##.###.#
## #.# #. ..# #.## #...


You could see a gnoll.

Vanquished Creatures
  A dart slug (D:1)
1 creature vanquished.

Vanquished Creatures (others)
  2 starspawn tentacles (Abyss:1)
2 creatures vanquished.

Grand Total: 3 creatures vanquished

Notes
Turn   | Place    | Note
-------+----------+-------------------------------------------
     0 | Abyss:1  | gruber the Formicid Abyssal Knight began the quest for the
                  | Orb.
     0 | Abyss:1  | Reached XP level 1. HP: 18/18 MP: 2/2
    53 | Abyss:1  | Noticed a tentacled starspawn
    61 | D:1      | Escaped the Abyss
   192 | D:1      | Slain by a gnoll

Illustrated notes

Levels and vault maps discovered:
D:1:      onia_arrival_mini_spirals, layout_rooms, minivault_5, st_stairs_10,
          skrybe_limestone_x, minmay_misc_feat_cross, nrook_campfire,
          kennysheep_flooded_box

Action                   || total
-------------------------++-------
Melee: Falchion          ||     5
Invok: Depart the Abyss  ||     1
Armor: Leather armour    ||     2
Dodge: Dodged            ||     4

Table legend:
 A = Non-vault XP
 B = Vault XP
 C = Vault XP percentage of total XP
 D = Non-vault monster count
 E = Vault monster count
 F = Vault count percentage of total count
                 A         B        C        D         E       F
            +---------+---------+-------+---------+---------+-------
      Total |       4 |       0 |   0.0 |       1 |       0 |   0.0
            +---------+---------+-------+---------+---------+-------
        D:1 |       4 |       0 |   0.0 |       1 |       0 |   0.0
            +---------+---------+-------+---------+---------+-------
